AoeStats
← Dom&Benito

Arabian Desert

509738861Analyzed
1v1 RM · 3d ago on Sep 27, 2026· 41m 17s· 2 players
Game mode
Random Map
Map size
Tiny (2 player)
Population
200
Speed
Normal
Resources
Standard
Victory
Conquest
Starting age
Dark Age
Ending age
Imperial Age
RankedLock teamsTeams togetherTeam positionsShared explorationLock speedFull tech treeHidden civsTurbo modeCheats
Victory
Defeat
🇨🇦 Khmer · Canada
1220
+16
🇩🇪 Varangians · Germany
1221
-16
Dom&Benito
7:54 Loom
10:32 Feudal Age
11:04 Double-Bit Axe
11:00 Horse Collar
19:38 Castle Age
18:20 Bloodlines
20:41 Bow Saw
20:45 Forging
22:20 Scale Barding Armor
22:50 Iron Casting
21:41 Light Cavalry
22:22 Husbandry
22:41 Heavy Plow
24:35 Fletching
28:43 Sanctity
29:30 Wheelbarrow
28:40 Town Watch
32:14 Bodkin Arrow
34:24 Ballistics
38:12 Imperial Age
36:51 Chain Barding Armor
39:31 Bracer
39:10 Cavalier
Schwarz_97
8:19 Loom
10:44 Feudal Age
16:05 Castle Age
23:51 Scale Barding Armor
24:29 Bloodlines
27:26 Forging
27:34 Double-Bit Axe
30:00 Husbandry
34:07 Iron Casting
35:38 Chain Barding Armor
Connection lost

Rejoining the realm…

Still unreachable

The connection could not be restored.

Session expired

The server has moved on; the page needs a fresh start.